 Dungeon Crawl Stone Soup version 0.20-a0-1065-g8446734 (webtiles) character file.

869 rlgrobin the Insei (level 7, 0/56 HPs)
             Began as a Mummy Monk on Apr 28, 2017.
             Slain by Edmund
             ... wielding a +2 flail of protection
              (4 damage)
             ... on level 5 of the Dungeon.
             The game lasted 00:13:17 (8910 turns).

rlgrobin the Insei (Mummy Monk)                     Turns: 8910, Time: 00:13:18

Health: 0/56       AC: 12    Str: 15    XL:     7   Next: 73%
Magic:  7/7        EV: 12    Int:  9    God:
Gold:   113        SH:  0    Dex: 16    Spells: 6/6 levels left

rFire    x . .     SeeInvis .     - Unarmed
rCold    + . .     Gourm    .   (no shield)
rNeg     + + +     Faith    .   i - +3 ring mail {rN+}
rPois    ∞         Spirit   .   (no helmet)
rElec    .         Reflect  .   (no cloak)
rCorr    .         Harm     .   c - +0 pair of gloves
MR       +....                  n - +1 pair of boots {Stlth+}
Stlth    ++........             (no amulet)
Regen    0.2/turn               (no ring)
MPRegen  0.1/turn               o - ring of protection from magic

@: no status effects
A: no food or potions, fire vulnerability, cold resistance 1, negative energy
resistance 3, torment resistance, unbreathing
a: no special abilities


You were on level 5 of the Dungeon.
You were not hungry.

You visited 1 branch of the dungeon, and saw 5 of its levels.
You also visited: Sewer.

You collected 315 gold pieces.
You spent 202 gold pieces at shops.


Innate Abilities, Weirdness & Mutations

You do not eat or drink.
Your flesh is vulnerable to fire.
You are immune to poison.
Your flesh is cold resistant. (rC+)
You are immune to negative energy. (rN+++)
You are immune to unholy pain and torment.
You can survive without breathing.


   Skills:
 - Level 5.0 Fighting
 - Level 4.2 Armour
 + Level 3.0 Dodging
 - Level 1.5 Stealth
 - Level 5.0 Unarmed Combat


You had 6 spell levels left.
You didn't know any spells.

Inventory:

Missiles
 d - 110 stones (quivered)
Armour
 c - a +0 pair of gloves (worn)
 g - a +1 ring mail of fire resistance
 i - a +3 ring mail of positive energy (worn)
 n - a +1 pair of boots of stealth (worn)
Jewellery
 o - a ring of protection from magic (right hand)
Scrolls
 b - 2 scrolls of teleportation {@r4}
 e - a scroll of magic mapping
 f - 2 scrolls of fog
 h - a scroll of immolation {!r}
 k - 3 scrolls of fear
 l - a scroll of amnesia
 m - a scroll of blinking

Dungeon Overview and Level Annotations

Branches:
Dungeon (5/15)
 Temple: D:4-7

Altars:
Dithmenos
Gozag
Ru
Trog
Uskayaw
Yredelemnul

Shops:
D:4 ((}[

Annotations:
D:3 Pikel
D:5 Edmund

...▒ ▒...>...▒ ▒▒.▒ ▒▒.)†..▒▒
▒.▒ ▒ ▒▒...▒▒ ▒▒.▒▒▒ .▒
▒▒▒▒▒▒▒▒'''▒ .....▒▒▒▒▒.▒
▒▒▒▒▒..........▒ .▒.........▒
▒.........▒▒▒▒▒▒ ....▒....▒▒▒
▒.▒▒▒.▒▒▒.▒
.▒@▒▒▒.▒.▒▒▒▒▒▒▒@▒▒▒.▒ ▒.▒
..▒▒ ▒▒.........M..▒.▒▒▒.▒
▒▒.▒▒▒.▒%.▒▒▒▒▒▒.........▒▒▒▒
▒▒)▒.▒▒.[....▒▒.▒..........▒
▒...▒▒▒▒.▒▒▒.▒▒.▒▒▒<▒▒▒.▒▒.▒
▒▒.▒▒ ▒.▒ ▒.▒▒.▒ ▒.▒ ▒.▒▒.▒
▒.▒ ▒.▒ ▒h▒▒.▒▒▒.▒▒▒.▒▒.▒▒
▒.▒ ▒.▒ ▒.▒▒.............▒
▒.▒ ▒.▒ ▒.▒▒▒▒▒▒..▒▒.▒▒..▒
▒.▒ ▒.▒▒▒.▒▒ ▒..▒▒.▒▒..▒


You could see Edmund.


Message History

You barely miss Edmund!
Edmund is severely wounded!
Edmund hits you with a flail of protection! * * * don't die
* * * You take 5 damage, and have 11/56 hp!
You pulverise Edmund!
Edmund is almost dead!
You squash Edmund but do no damage!
Edmund is almost dead!
Edmund hits you with a flail of protection!!! * * * don't die
* * * You take 7 damage, and have 4/56 hp!
You pulverise Edmund!
Edmund is almost dead!
Edmund hits you but does no damage!
You pulverise Edmund but do no damage!
Edmund is almost dead!
Edmund says, "I might not be good at magic, but I can still annihilate you!!!"
Edmund hits you with a flail of protection! * * * don't die
* * * You take 1 damage, and have 3/56 hp!
You closely miss Edmund!
Edmund is almost dead!
You pulverise Edmund but do no damage!
Edmund is almost dead!
Edmund closely misses you!
You pummel Edmund but do no damage!
Edmund is almost dead!
Edmund hits you with a flail of protection! rip

Action                   |  1- 3 |  4- 6 |  7- 9 || total
-------------------------+-------+-------+-------++-------
Melee: Unarmed           |   161 |   339 |   373 ||   873
       Punch             |     2 |     6 |    10 ||    18
Throw: Stone             |     5 |     2 |       ||     7
  Use: Scroll            |       |     6 |     4 ||    10
 Stab: Sleeping          |     2 |       |     2 ||     4
       Distracted        |       |       |     2 ||     2
Armor: Robe              |    16 |       |       ||    16
       Leather armour    |    12 |    56 |       ||    68
       Ring mail         |       |    26 |   143 ||   169
Dodge: Dodged            |    92 |   205 |   167 ||   464

Vault maps used:
D:1:      dpeg_arrival_tiny_d, minmay_misc_feat_alley, kennysheep_boxes
D:2:      grunt_ministairs_14, minmay_vboxes
D:3:      first_bread, serial_bayou_ford_a, uniq_jessica
D:4:      nicolae_overflow_quartered_altars,
          chequers_temple_overflow_statue_of_worship, serial_shops,
          kennysheep_little_box, shop, shop, shop_statue, portal_sewer_entry_e
D:5:      kennysheep_windowed_goal, uniq_sigmund, uniq_edmund, uniq_pikel,
          uniq_blork_the_orc
Sewer:    sewer_co_tree

Notes
Turn   | Place    | Note
-------+----------+-------------------------------------------
     0 | D:1      | rlgrobin the Mummy Monk began the quest for the Orb.
     0 | D:1      | Reached XP level 1. HP: 18/18 MP: 1/1
   194 | D:1      | Reached XP level 2. HP: 10/24 MP: 2/2
   199 | D:1      | Reached skill level 3 in Unarmed Combat
   992 | D:1      | Reached XP level 3. HP: 19/29 MP: 3/3
  1968 | D:2      | Reached skill level 4 in Unarmed Combat
  2186 | D:2      | Reached XP level 4. HP: 28/35 MP: 4/4
  3233 | D:3      | Noticed Jessica
  3246 | D:3      | Killed Jessica
  3246 | D:3      | Reached XP level 5. HP: 35/41 MP: 5/5
  3680 | D:3      | Reached skill level 5 in Unarmed Combat
  3818 | D:3      | Reached skill level 4 in Fighting
  3860 | D:4      | Found Bipyttoog's Antique Weapon Boutique.
  3968 | D:4      | Found a glowing drain.
  3995 | D:4      | Reached XP level 6. HP: 24/48 MP: 6/6
  4140 | Sewer    | Entered a sewer
  4140 | Sewer    | Noticed Bronet's ghost (amateur HuMo)
  4390 | D:4      | Found a sacrificial altar of Ru.
  4550 | D:4      | Found Honuss's Gadget Shop.
  4555 | D:4      | Found a bloodstained altar of Trog.
  4944 | D:3      | Reached skill level 5 in Fighting
  5322 | D:4      | Found a hide-covered altar of Uskayaw.
  5324 | D:4      | Found an opulent altar of Gozag.
  5375 | D:4      | Found Ziukluh's Weapon Shop.
  5409 | D:4      | Found a shadowy altar of Dithmenos.
  5426 | D:4      | Found a basalt altar of Yredelemnul.
  5447 | D:4      | Found Guehell's Antique Armour Boutique.
  5461 | D:4      | Reached skill level 1 in Armour
  5462 | D:4      | Bought a pair of glowing boots for 202 gold pieces
  5562 | D:5      | Entered Level 5 of the Dungeon
  5562 | D:5      | Noticed Blork the orc
  5573 | D:4      | Reached skill level 2 in Armour
  5802 | D:5      | Killed Blork the orc
  5802 | D:5      | Reached XP level 7. HP: 55/56 MP: 7/7
  6002 | D:5      | Reached skill level 3 in Armour
  6275 | D:5      | Noticed Pikel
  7569 | D:5      | Noticed Edmund
  8237 | D:5      | Reached skill level 4 in Armour
  8425 | D:5      | Reached skill level 3 in Dodging
  8905 | D:5      | HP: 4/56 [Edmund/flail of protection (7)]
  8910 | D:5      | Slain by Edmund

Vanquished Creatures
  4 slaves
  A centaur (D:4)
  Blork the orc (D:5)
  2 howler monkeys
  A crimson imp (D:5)
  A bullfrog zombie (D:5)
  A hound (D:3)
  4 orc wizards
  An orc priest (D:4)
  Jessica (D:3)
  3 worker ants
  A hound skeleton (D:4)
  A howler monkey skeleton (D:5)
  3 gnolls (D:5)
  2 river rats (D:4)
  12 adders
  2 oozes
  4 worms
  2 dart slugs (D:3)
  2 leopard geckos
  12 orcs
  3 ball pythons
  7 bats
  8 giant cockroaches
  10 goblins
  4 hobgoblins
  10 jackals
  7 kobolds
  3 quokkas
  8 frilled lizards
  A quokka zombie (D:5)
  13 rats
135 creatures vanquished.
